 Dungeon Crawl Stone Soup version 0.31-a0-1511-g961fd35ebc (webtiles) character file.

Game seed: 6870169632636271136

1834 Colgate the Trooper (level 8, -9/68 HPs)
             Began as a Demonspawn Gladiator on Dec 30, 2023.
             Was an Initiate of Makhleb.
             Mangled by an orc warrior
             ... wielding a +0 halberd
              (15 damage)
             ... on level 7 of the Dungeon.
             The game lasted 00:23:14 (7906 turns).

Colgate the Trooper (Demonspawn Gladiator)          Turns: 7906, Time: 00:23:15

Health: -9/68      AC:  4    Str: 21    XL:     8   Next: 87%
Magic:  0/11       EV: 17    Int: 11    God:    Makhleb [......]
Gold:   400        SH:  0    Dex: 14    Spells: 9/11 levels left

rFire   . . .        a - +0 quarterstaff
rCold   . . .        (shield currently unavailable)
rNeg    . . .        b - +0 robe
rPois   .            (helmet restricted)
rElec   .            m - +1 cloak
rCorr   .            (no gloves)
SInv    .            (no boots)
Will    .....        (no amulet)
Stlth   +            n - +5 ring of evasion
HPRegen 0.31/turn    J - +6 ring of strength
MPRegen 0.12/turn

%: no passive effects
@: no status effects
A: antennae 1, foul stench 1, icemail 1, condensation shield
a: Renounce Religion


You were on level 7 of the Dungeon.
You worshipped Makhleb.
Makhleb was noncommittal.
You visited 2 branches of the dungeon, and saw 8 of its levels.

You collected 472 gold pieces.
You spent 72 gold pieces at shops.

Inventory:

Hand Weapons
 a - a +0 quarterstaff (weapon)
 e - a +3 long sword of freezing
Missiles
 d - 6 throwing nets {!f}
 E - 4 poisoned darts
 K - a javelin
Armour
 b - a +0 robe (worn)
 m - a +1 cloak (worn)
 H - a +0 leather armour of poison resistance
Jewellery
 c - a ring of ice
 n - a +5 ring of evasion (left hand)
 A - a +6 ring of dexterity
 D - a ring of protection from fire
 J - a +6 ring of strength (right hand)
Wands
 y - a wand of roots (1) {@v2}
Scrolls
 f - 7 scrolls of identify {unknown}
 h - a scroll of butterflies {unknown}
 p - 3 scrolls of noise {unknown}
 q - a scroll of immolation {unknown}
 s - a scroll of fog {unknown}
 t - 2 scrolls of amnesia {unknown}
 u - a scroll of poison {unknown}
 v - 3 scrolls of enchant armour {unknown}
 w - a scroll of revelation {unknown}
 B - 2 scrolls of teleportation {unknown}
 C - a scroll of vulnerability {unknown}
 G - a scroll of acquirement {unknown}
Potions
 g - 2 potions of degeneration {unknown}
 i - 3 potions of heal wounds {unknown}
 j - 3 potions of lignification {unknown}
 k - a potion of ambrosia {unknown}
 l - a potion of might {unknown}
 o - a potion of curing {unknown}
 r - a potion of magic {unknown}
 x - a potion of attraction {unknown}
 z - 2 potions of mutation {unknown}
 F - a potion of invisibility {unknown}
 I - a potion of brilliance {unknown}


   Skills:
 - Level 7.7 Fighting
 - Level 4.0 Staves
 - Level 1.7 Throwing
 - Level 2.6 Dodging
 - Level 2.2 Spellcasting
 - Level 4.2 Conjurations
 + Level 5.4 Air Magic


You had 9 spell levels left.
You knew the following spells:

 Your Spells              Type           Power      Damage    Failure   Level
a - Static Discharge      Conj/Air       22%        3-4/arc   6%          2

Your spell library contained the following spells:

 Spells                   Type           Power      Damage    Failure   Level
 Airstrike                Air            6%         2d(1-17)  30%         4
 Summon Lightning Spire   Summ/Air       7%         N/A       67%         4
 Vhi's Electric Charge    Tloc/Air       14%        N/A       67%         4
 Arcjolt                  Conj/Air       5%         1d15      73%         5
 Maxwell's Capacitive Co  Air            6%         ∞         100%        8


Dungeon Overview and Level Annotations

Branches:
Dungeon (7/15)             Temple (1/1) D:5

Altars:
Ashenzari
Cheibriados
Dithmenos
Fedhas
Gozag
Hepliaklqana
Makhleb
Nemelex Xobeh
Qazlal
Ru
Trog
Uskayaw
Vehumet
Wu Jian
Xom

Shops:
D:5 :


Innate Abilities, Weirdness & Mutations

You have a pair of small antennae on your head.
You may rarely emit foul miasma when damaged in melee.
A meltable icy envelope protects you from harm. (AC +0)
A meltable shield of frost defends you. (SH +0)


Message History

The liquid fire burns you!
You shake off some of the fire as you move.
The liquid fire burns you!
You shake off the liquid fire.
You hit the bombardier beetle. The bombardier beetle misses you.
You thump the bombardier beetle!
You kill the bombardier beetle!
Makhleb accepts your kill.
An orc warrior comes into view. It is wielding a +0 halberd.
The orc warrior shouts!
Found a glass wand.
The orc warrior closely misses you.
You see here a ring of ice.
The orc warrior is struck by an arc of lightning.
You are struck by an arc of lightning.
The lightning grounds out.
The orc warrior barely misses you.
The orc warrior is struck by an arc of lightning.
You are struck by an arc of lightning.
The lightning grounds out.
The orc warrior closely misses you.
You hit the orc warrior.
The orc warrior hits you with a +0 halberd!
You closely miss the orc warrior. The orc warrior completely misses you.
You hit the orc warrior. The orc warrior closely misses you.
You hit the orc warrior. The orc warrior misses you.
The orc warrior closely misses you.
You hit the orc warrior.
The orc warrior hits you with a +0 halberd!
You hit the orc warrior but do no damage.
The orc warrior hits you with a +0 halberd!
* * * LOW HITPOINT WARNING * * *
Casting: Static Discharge (safe; 6% risk of failure)
Press: ? - help, Q - select action, (/) - cycle Dir - look around, f - activate The orc warrior is struck by an arc of lightning.
You are struck by an arc of lightning.
* * * LOW HITPOINT WARNING * * *
The lightning grounds out.
The orc warrior hits you with a +0 halberd!
* * * LOW HITPOINT WARNING * * *
You hit the orc warrior.
The orc warrior hits you with a +0 halberd!
You die...

..........>#
...........# #.#
.#.#.#.###.# #.# .
.#.....# ... # ####.###
#.# . .###.#########.# #
#...[........#.# # # #
##.#.#######.#.###.#[../
# ##..# ###.#..@o......
#.#### ##.#.#
#.....###.##### #...<.
#.##.#####.....# #
######
.###.............. ##
#.#####.....###.. #
#............ #
#######>###.## # #. $.#
# ## ..


You could see an orc warrior.

Vanquished Creatures
  Grinder (D:4)
  2 water moccasins
  A black bear (D:6)
  An ice beast (D:5)
  2 bullfrogs
  2 scorpions
  A wight (D:7)
  5 killer bees (D:5)
  6 bombardier beetles
  A crimson imp (D:7)
  2 jellies
  A gnoll bouda (D:6)
  A sleepcap (D:6)
  An orc wizard (D:3)
  4 iguanas
  Robin (D:1)
  11 gnolls
  An adder (D:4)
  A shadow imp (D:6)
  3 white imps
  3 dart slugs
  3 ribbon worms
  12 orcs
  6 endoplasms
  3 giant cockroaches
  11 goblins
  13 hobgoblins
  3 jackals (D:1)
  6 kobolds
  3 quokkas
  5 ball pythons
  3 bats
  3 frilled lizards (D:1)
  A goblin zombie (D:7)
  4 hobgoblin zombies (D:7)
  An orc skeleton (D:7)
  An orc zombie (D:7)
  4 rats
133 creatures vanquished.

Notes
Turn   | Place    | Note
-------+----------+-------------------------------------------
     0 | D:1      | Colgate the Demonspawn Gladiator began the quest for the
                  | Orb.
     0 | D:1      | Reached XP level 1. HP: 16/16 MP: 1/1
   195 | D:1      | Found a faded altar of an unknown god.
   288 | D:1      | Gained mutation: A meltable shield of frost defends you.
                  | (SH +0) [demonic ancestry]
   288 | D:1      | Reached XP level 2. HP: 22/22 MP: 2/2
   941 | D:2      | Gained mutation: A meltable icy envelope protects you from
                  | harm. (AC +0) [demonic ancestry]
   941 | D:2      | Reached XP level 3. HP: 27/27 MP: 3/3
  1023 | D:2      | Noticed Robin
  1106 | D:1      | Killed Robin
  1681 | D:3      | Reached XP level 4. HP: 30/34 MP: 4/4
  1772 | D:3      | Reached skill level 3 in Fighting
  2507 | D:3      | Reached skill level 4 in Fighting
  2580 | D:3      | Gained mutation: You have a pair of small antennae on your
                  | head. [demonic ancestry]
  2580 | D:3      | Reached XP level 5. HP: 33/43 MP: 5/5
  2719 | D:3      | Found a bloodstained altar of Trog.
  2830 | D:3      | Found a shimmering altar of Xom.
  2944 | D:4      | Found a radiant altar of Vehumet.
  3070 | D:4      | Found a hide-covered altar of Uskayaw.
  3115 | D:4      | Noticed a water moccasin
  3129 | D:4      | Killed a water moccasin
  3130 | D:4      | Reached skill level 5 in Fighting
  3130 | D:4      | Reached XP level 6. HP: 34/52 MP: 6/6
  3396 | D:3      | Found a bloodstained altar of Trog.
  3637 | D:3      | Found a shimmering altar of Xom.
  3821 | D:4      | Noticed Grinder
  3860 | D:4      | Reached skill level 6 in Fighting
  3909 | D:4      | Killed Grinder
  3910 | D:4      | Reached skill level 7 in Fighting
  3910 | D:4      | Gained mutation: You may rarely emit foul miasma when
                  | damaged in melee. [demonic ancestry]
  3910 | D:4      | Reached XP level 7. HP: 60/60 MP: 7/7
  4362 | D:4      | Reached skill level 1 in Conjurations
  4409 | D:5      | Entered Level 5 of the Dungeon
  4456 | D:5      | Reached skill level 1 in Air Magic
  4515 | D:5      | Found a stormy altar of Qazlal.
  4839 | D:5      | Reached skill level 1 in Spellcasting
  4850 | D:5      | Reached XP level 8. HP: 49/68 MP: 9/9
  5090 | D:5      | Found Kotaelap's Tiny Tomes.
  5119 | D:5      | Bought the Notes on Electricity for 72 gold pieces
  5205 | D:3      | Learned a level 2 spell: Static Discharge
  5310 | D:5      | Found a staircase to the Ecumenical Temple.
  5456 | Temple   | Entered the Ecumenical Temple
  5511 | Temple   | Became a worshipper of Makhleb the Destroyer
  6104 | D:6      | Found an opulent altar of Gozag.
  7564 | D:7      | Reached skill level 5 in Air Magic
  7906 | D:7      | Mangled by an orc warrior

Illustrated notes

Levels and vault maps discovered:
D:1:      zelgadis_glass_arrival_small, layout_basic,
          dreamdust_ecumenical_altar_statues
D:2:      layout_loops_cross, st_stairs_3, uniq_robin
D:3:      layout_basic, mainiacjoe_overflow_24_doors,
          regret_index_xom_buried_treasure
D:4:      layout_loops_cross, eat_drink_and_be_merry_uskayaw,
          mainiacjoe_overflow_small_starburst, uniq_grinder
D:5:      layout_loops_ring, mainiacjoe_overflow_chevrons, zin_academy,
          temple_doors_e, minmay_gold_behind_fungi,
          nicolae_shop_i_like_small_books_too, nicolae_elevator_lobby_asterisk
D:6:      layout_loops_corners, grunt_gozag_statues
D:7:      layout_loops_ring, nicolae_tso_besieged_by_evil,
          chequers_serial_rivers_micro_c
Temple:   hellmonk_temple_rainy

Skill      XL: |  1  2  3  4  5  6  7  8 |
---------------+-------------------------+-----
Staves         | 3 4 |  4.0
Fighting       | 4 5 7 |  7.7
Conjurations   | 2 4 |  4.2
Air Magic      | 2 5 |  5.4
Spellcasting   | 1 2 |  2.2
Throwing       | |  1.7
Dodging        | |  2.6

Action                     |  1- 3 |  4- 6 |  7- 9 || total
---------------------------+-------+-------+-------++-------
  Melee: Quarterstaff      |   140 |   123 |   193 ||   456
  Throw: Javelin           |       |     2 |     6 ||     8
         Throwing net      |       |     2 |       ||     2
         Dart              |       |       |    14 ||    14
   Cast: Static Discharge  |       |       |    38 ||    38
  Evoke: Wand              |       |     2 |       ||     2
   Stab: Sleeping          |     2 |       |     1 ||     3
         Held in net/web   |       |     1 |       ||     1
 Armour: Leather armour    |    83 |    28 |    43 ||   154
         Robe              |       |       |    86 ||    86
  Dodge: Dodged            |    94 |    65 |   171 ||   330
  Block: Other             |    27 |    12 |    40 ||    79

Table legend: (Time is in decaauts)
 A = Elapsed time spent in this place.
 B = Non-inter-level travel time spent in this place.
 C = Inter-level travel time spent in this place.
 D = Time resting spent in this place.
 E = Time spent auto-exploring this place.
 F = Levels seen in this place.
 G = Mean time per level.
                   A        B        C        D        E       F      G
               +--------+--------+--------+--------+--------+-----+--------+
         Total |   7960 |   7289 |    671 |     10 |   5943 |   8 |  995.0 |
       Dungeon |   7896 |   7225 |    671 |     10 |   5898 |   7 | 1128.0 |
        Temple |     63 |     63 |      0 |      0 |     45 |   1 |   63.0 |
               +--------+--------+--------+--------+--------+-----+--------+

Top non-repeatable levels by time:
     D:3: 1865 daAuts
     D:6: 1477 daAuts
     D:5: 1307 daAuts
     D:1: 1000 daAuts
     D:4: 987 daAuts
     D:2: 738 daAuts
     D:7: 519 daAuts
  Temple: 63 daAuts
